[Event "Titled Tuesday Blitz March 22 Early 2022"]
[White "Kobalia, Mikhail"]
[Black "Khripachenko, Alexander"]
[WhiteFideId "4119150"]
[BlackFideId "54184975"]
[WhiteElo "2667"]
[BlackElo "2177"]
[Result "1-0"]
[Round "05"]
[TimeControl "180+1"]
[Date "2022.03.22"]
[WhiteClock "0:00:18"]
[BlackClock "0:00:03"]

1. e4 c5 2. Nf3 d6 3. d4 cxd4 4. Nxd4 Nf6 5. Nc3 a6 6. Be3 e6 7. g4 e5 8. Nf5 g6 9. Bg2 gxf5 10. exf5 d5 11. Nxd5 Nxd5 12. Bxd5 Nc6 13. c3 Bd7 14. Qb3 Qf6 15. Qxb7 Rb8 16. Qxa6 Rxb2 17. g5 Qd6 18. Rd1 Qc7 19. Qc4 Ba3 20. Bxf7+ Kf8 21. Be6 Be8 22. f6 Qa5 23. f7 Bxf7 24. Bxf7 Rc2 25. O-O Qxc3 26. Qe6 Be7 27. Bh5 Qc4 28. Rd5 Nd8 29. Rxd8+ Bxd8 30. Qe8+ Kg7 31. Qd7+ Kf8 32. Qxd8+ Kg7 33. Qe7+ 1-0


[Site "https://www.chess.com"]

[Event "Titled Tuesday Blitz March 22 Early 2022"]
[White "Koellner, Ruben Gideon"]
[Black "Manolache, Marius"]
[WhiteFideId "12993093"]
[BlackFideId "1201530"]
[WhiteElo "2503"]
[BlackElo "2389"]
[Result "1-0"]
[Round "05"]
[TimeControl "180+1"]
[Date "2022.03.22"]
[WhiteClock "0:00:05"]
[BlackClock "0:00:23"]

1. d4 Nf6 2. Bg5 e6 3. Nd2 h6 4. Bh4 d5 5. e3 Be7 6. Bd3 b6 7. c3 a5 8. Bxf6 Bxf6 9. f4 Ba6 10. Bxa6 Rxa6 11. a4 Bh4+ 12. g3 Be7 13. Ngf3 Nd7 14. O-O f5 15. Ne5 Nxe5 16. fxe5 h5 17. h3 g6 18. Kg2 Ra7 19. Qe2 c6 20. Nf3 Qd7 21. Qd3 Kd8 22. Rfc1 Kc7 23. c4 Kb8 24. Rab1 Ka8 25. c5 bxc5 26. dxc5 Rb8 27. Nd4 Rb4 28. b3 h4 29. g4 Qc8 30. gxf5 gxf5 31. Kh1 Bf8 32. Rb2 Rg7 33. Rg2 Rxg2 34. Kxg2 Bg7 35. Nc2 Rb8 36. Qc3 Qc7 37. Nd4 Re8 38. Nf3 Rg8 39. Kf2 Bh8 40. Rg1 Rxg1 41. Kxg1 Kb7 42. Kf2 Qg7 43. Nxh4 Qxe5 44. Qxa5 f4 45. Qb6+ Ka8 46. Qxc6+ Kb8 47. Qd6+ Kb7 48. Qxe5 Bxe5 49. exf4 Bxf4 50. Ng6 Bc1 51. Ke2 Ba3 52. h4 Bxc5 53. h5 Bd4 54. h6 Kc6 55. h7 Kc5 56. Kd3 Bg7 57. h8=Q Bxh8 58. Nxh8 e5 59. Ng6 e4+ 60. Ke3 Kb4 61. Ne5 Ka5 62. Kd4 Kb4 63. Nc6+ Kxb3 64. a5 Kc2 65. Kxd5 e3 66. Nd4+ Kd3 67. a6 e2 68. Nxe2 Kxe2 69. a7 1-0


[Site "https://www.chess.com"]

[Event "Titled Tuesday Blitz March 22 Early 2022"]
[White "Kosteniuk, Alexandra"]
[Black "Tari, Aryan"]
[WhiteFideId "4128125"]
[BlackFideId "1510045"]
[WhiteElo "2469"]
[BlackElo "2567"]
[Result "0-1"]
[Round "05"]
[TimeControl "180+1"]
[Date "2022.03.22"]
[WhiteClock "0:00:02"]
[BlackClock "0:00:06"]

1. Nf3 g6 2. g3 Bg7 3. Bg2 c5 4. c4 Nc6 5. O-O f5 6. e3 Nf6 7. d4 O-O 8. d5 Na5 9. d6 e6 10. Qd3 b5 11. Nfd2 bxc4 12. Qa3 Bb7 13. Qxc5 Bxg2 14. Kxg2 Rc8 15. Qxa7 Nd5 16. Nc3 Nxc3 17. bxc3 Bxc3 18. Rb1 Bg7 19. Rb5 Nc6 20. Qa4 c3 21. Nc4 Ra8 22. Qc2 Ra6 23. a4 Qa8 24. Kg1 Rxa4 25. Nb6 Ra2 26. Qb3 Qa7 27. Nxd7 Rd8 28. Rb7 Qa4 29. Qxe6+ Kh8 30. Nc5 Qa8 31. Qf7 Rg8 32. Ne6 Ne5 33. Qe7 Nf3+ 34. Kg2 Ng5 35. Nc5 Ra7 36. f3 Rxb7 37. Qxb7 Qa5 38. Nb3 Qe5 39. h4 Ne6 40. d7 Qd6 41. Qa7 Rd8 42. Ba3 Qxd7 43. Qxd7 Rxd7 44. Rc1 h5 45. Nc5 Nxc5 46. Bxc5 Rd2+ 47. Kf1 c2 48. Ke1 Bc3 49. Bd4+ Rxd4+ 50. Ke2 Rd2+ 0-1


[Site "https://www.chess.com"]

[Event "Titled Tuesday Blitz March 22 Early 2022"]
[White "Kouskoutis, Georgios-Alexandros"]
[Black "Prohorov, Olexandr"]
[WhiteFideId "4234049"]
[BlackFideId "14105578"]
[WhiteElo "2130"]
[BlackElo "1993"]
[Result "1-0"]
[Round "05"]
[TimeControl "180+1"]
[Date "2022.03.22"]
[WhiteClock "0:00:04"]
[BlackClock "0:00:01"]

1. c4 g6 2. g3 Bg7 3. Bg2 Nf6 4. Nc3 O-O 5. e4 d6 6. Nge2 c5 7. O-O Nc6 8. d3 Ne8 9. h3 Nc7 10. f4 Ne6 11. Kh2 Ned4 12. Nxd4 Nxd4 13. Be3 Rb8 14. Rb1 a5 15. a3 Bd7 16. b4 axb4 17. axb4 cxb4 18. Rxb4 b5 19. Bxd4 Bxd4 20. Nxb5 Bg7 21. Qb3 Qa5 22. Rb1 Rfc8 23. Na3 Ra8 24. Nc2 h5 25. e5 Bc6 26. Bxc6 Rxc6 27. d4 dxe5 28. dxe5 Qc5 29. Qe3 Qa5 30. Rb8+ Rxb8 31. Rxb8+ Kh7 32. Qd3 h4 33. gxh4 1-0


[Site "https://www.chess.com"]

[Event "Titled Tuesday Blitz March 22 Early 2022"]
[White "Kowalczyk, Pawel"]
[Black "Hoffmann, Asa"]
[WhiteFideId "1130641"]
[BlackFideId "2001470"]
[WhiteElo "2344"]
[BlackElo "2117"]
[Result "1-0"]
[Round "05"]
[TimeControl "180+1"]
[Date "2022.03.22"]
[WhiteClock "0:01:47"]
[BlackClock "0:01:01"]

1. e4 d6 2. d4 Nf6 3. f3 Nbd7 4. c4 e5 5. Ne2 Be7 6. Nbc3 c6 7. Be3 Qc7 8. Qd2 a6 9. g4 O-O 10. g5 Nh5 11. Ng3 Nf4 12. Bxf4 exf4 13. Qxf4 b5 14. h4 Re8 15. Nf5 Bf8 16. c5 b4 17. cxd6 Qa5 18. Nd1 b3+ 19. Nc3 Nb6 20. Nh6+ gxh6 21. gxh6 f5 22. Qg5+ Kh8 23. Qf6+ 1-0


[Site "https://www.chess.com"]

[Event "Titled Tuesday Blitz March 22 Early 2022"]
[White "Kozak, Antoni"]
[Black "Bodnar, Nikolay"]
[WhiteFideId "21832030"]
[BlackFideId "14106469"]
[WhiteElo "2236"]
[BlackElo "2296"]
[Result "1-0"]
[Round "05"]
[TimeControl "180+1"]
[Date "2022.03.22"]
[WhiteClock "0:00:17"]
[BlackClock "0:00:13"]

1. d4 d5 2. Bf4 Nf6 3. e3 c5 4. c3 Nc6 5. Nd2 g6 6. Ngf3 Bg7 7. h3 O-O 8. Be2 Nd7 9. O-O e5 10. dxe5 Ndxe5 11. Nxe5 Nxe5 12. Nf3 Nc6 13. Rc1 Be6 14. Qa4 a6 15. Bg5 f6 16. Bf4 b5 17. Qa3 Qe7 18. Rfd1 Rfd8 19. Ne1 Bf8 20. b3 Qf7 21. Qb2 Bf5 22. Nd3 g5 23. Bg3 c4 24. Ne1 Ne5 25. Rd2 Bc5 26. Rcd1 Rd7 27. a4 Rad8 28. b4 Bb6 29. Ra1 h5 30. axb5 axb5 31. Ra6 Rd6 32. Qa1 h4 33. Bh2 Qb7 34. Rda2 Be4 35. Nf3 Nxf3+ 36. gxf3 R6d7 37. fxe4 dxe4 38. Bg4 Rd3 39. Ra8 Kg7 40. Rxd8 Rxd8 41. Bf5 Rd5 42. Bxe4 1-0


[Site "https://www.chess.com"]

[Event "Titled Tuesday Blitz March 22 Early 2022"]
[White "Krishnan, Varun"]
[Black "Ciolacu, Alessia-Mihaela"]
[WhiteFideId "5054508"]
[BlackFideId "1252640"]
[WhiteElo "2615"]
[BlackElo "1777"]
[Result "1/2-1/2"]
[Round "05"]
[TimeControl "180+1"]
[Date "2022.03.22"]
[WhiteClock "0:00:04"]
[BlackClock "0:00:11"]

1. e4 e5 2. Nf3 Nc6 3. Bb5 Nf6 4. d3 Bc5 5. Nbd2 O-O 6. O-O d6 7. c3 a6 8. Bxc6 bxc6 9. a4 Re8 10. Re1 Ng4 11. d4 Ba7 12. Nf1 exd4 13. cxd4 c5 14. h3 Nf6 15. e5 dxe5 16. dxe5 Qxd1 17. Rxd1 Ne4 18. Be3 Bb7 19. Rac1 Bb6 20. N1d2 Rad8 21. Nc4 a5 22. Ng5 h6 23. Nxe4 Bxe4 24. f3 Bc6 25. b3 Rd5 26. Bd2 Red8 27. Kf2 Rd3 28. Ke1 Rxb3 29. Nxa5 Bxa5 30. Bxa5 Rxd1+ 31. Rxd1 Bxa4 32. Rd8+ Kh7 33. Bxc7 c4 34. Rd4 Rb1+ 35. Kf2 c3 36. Rxa4 c2 37. Rc4 c1=Q 38. Rxc1 Rxc1 39. Bd6 Kg6 40. g4 Kg5 41. Kg3 Rg1+ 42. Kf2 Rh1 43. Kg3 Rg1+ 44. Kf2 Rd1 45. Kg3 h5 46. f4+ Kh6 47. Be7 hxg4 48. hxg4 g6 49. Bg5+ Kg7 50. Kf3 Kf8 51. Bf6 Ke8 52. f5 Rf1+ 53. Ke4 Rg1 54. Kf4 gxf5 55. gxf5 Kd7 56. Ke4 Re1+ 57. Kf4 Rf1+ 58. Ke4 Kc6 59. Kd4 Rxf5 60. Ke4 Rf1 61. Be7 Kd7 62. Bd6 Ke6 63. Bb8 Re1+ 64. Kd4 Rd1+ 65. Ke4 Rb1 66. Bc7 Rd1 67. Bd6 f5+ 68. Kf4 Rf1+ 69. Ke3 Rd1 70. Bb8 Rd5 71. Bc7 Rc5 72. Bd6 Rc4 73. Bb8 f4+ 74. Kf3 Kf5 75. e6 Re4 76. Bd6 Rxe6 77. Bxf4 Re4 78. Be3 Rc4 79. Ke2 Rc3 80. Kd2 Ra3 81. Bd4 Ke4 1/2-1/2


[Site "https://www.chess.com"]

[Event "Titled Tuesday Blitz March 22 Early 2022"]
[White "Kulkarni, Rakesh"]
[Black "Milchev, Nikolay"]
[WhiteFideId "5037077"]
[BlackFideId "2906090"]
[WhiteElo "2246"]
[BlackElo "2449"]
[Result "1-0"]
[Round "05"]
[TimeControl "180+1"]
[Date "2022.03.22"]
[WhiteClock "0:00:41"]
[BlackClock "0:01:12"]

1. e4 c5 2. c3 d5 3. exd5 Qxd5 4. d4 Nf6 5. Nf3 Nc6 6. Be3 Bg4 7. dxc5 Qxd1+ 8. Kxd1 O-O-O+ 9. Kc1 Bxf3 10. gxf3 Nd5 11. b4 e5 12. Kc2 a5 13. a3 Be7 14. Bb5 f5 15. Rg1 Bf6 16. Bg5 Bxg5 17. Rxg5 g6 18. Nd2 Kc7 19. Nc4 Rhe8 20. Bxc6 bxc6 21. Nxa5 e4 22. fxe4 Rxe4 23. Rd1 Re2+ 24. Kb3 Rxf2 25. Rd3 Rxh2 26. c4 Ne7 27. Rxd8 Kxd8 28. b5 f4 29. b6 f3 30. Re5 f2 31. b7 Rh3+ 32. Kb4 f1=Q 33. b8=Q+ Kd7 34. Qb7+ 1-0


[Site "https://www.chess.com"]

[Event "Titled Tuesday Blitz March 22 Early 2022"]
[White "Lauridsen, Jesper Morch"]
[Black "Flis, Pawel"]
[WhiteFideId "1401890"]
[BlackFideId "1112864"]
[WhiteElo "2223"]
[BlackElo "1735"]
[Result "1-0"]
[Round "05"]
[TimeControl "180+1"]
[Date "2022.03.22"]
[WhiteClock "0:00:18"]
[BlackClock "0:00:04"]

1. d4 Nf6 2. Nf3 g6 3. Bf4 Bg7 4. h3 O-O 5. e3 d6 6. Be2 b6 7. O-O Bb7 8. c4 c5 9. d5 b5 10. Nc3 bxc4 11. Bxc4 Ba6 12. Bxa6 Nxa6 13. e4 Nd7 14. Re1 Qb6 15. Rb1 Nc7 16. Nd2 Qa6 17. Qe2 Bd4 18. Qxa6 Nxa6 19. Be3 Bxe3 20. Rxe3 Rab8 21. Nc4 Nb6 22. Na5 Nb4 23. Rc1 Rfc8 24. a3 Na6 25. Nc6 Rb7 26. e5 Nxd5 27. Nxd5 Rxc6 28. exd6 Rxd6 29. Nxe7+ Kf8 30. Rce1 Rd2 31. b3 Rbd7 32. Nc6 Kg7 33. g3 Ra2 34. a4 Nb4 35. Nxb4 cxb4 36. Re4 Rdd2 37. Rf4 g5 38. Rf5 Kg6 39. g4 Rab2 40. Re8 h6 41. Rg8+ Kh7 42. Rb8 Rxb3 43. Rxf7+ Kg6 44. Rxa7 Rbb2 45. Rb6+ 1-0


[Site "https://www.chess.com"]

[Event "Titled Tuesday Blitz March 22 Early 2022"]
[White "Lazavik, Denis"]
[Black "Bryakin, Mikhail"]
[WhiteFideId "13515110"]
[BlackFideId "4165314"]
[WhiteElo "2437"]
[BlackElo "2417"]
[Result "1/2-1/2"]
[Round "05"]
[TimeControl "180+1"]
[Date "2022.03.22"]
[WhiteClock "0:00:05"]
[BlackClock "0:00:20"]

1. d4 Nf6 2. c4 e5 3. dxe5 Ng4 4. Nf3 Nc6 5. Bf4 Bb4+ 6. Nbd2 Qe7 7. e3 Ngxe5 8. Nxe5 Nxe5 9. Be2 O-O 10. O-O Bxd2 11. Qxd2 d6 12. Rac1 b6 13. Qc3 a5 14. c5 bxc5 15. Bxe5 Qxe5 16. Qxe5 dxe5 17. Rxc5 Be6 18. a4 Rfb8 19. Bb5 Ra7 20. Rxe5 c6 21. Bxc6 Rxb2 22. Bd5 Rb4 23. Rc1 h6 24. Bxe6 fxe6 25. Rxe6 Rxa4 26. g3 Rb4 27. Rcc6 Rb1+ 28. Kg2 Rb2 29. Ra6 Rf7 30. Rxa5 Rfxf2+ 31. Kh3 Kf7 32. Rae5 Rxh2+ 33. Kg4 Rb7 34. Ra6 Rg2 35. Rf5+ Kg8 36. Rf3 Rb4+ 37. Rf4 Rb5 38. Kf3 Rg1 39. Ra2 Kh7 40. Rg2 Ra1 41. Rf2 Ra3 42. g4 Kg6 43. Re2 Kg5 44. Rc4 Re5 45. Rd4 Rc3 46. Rb4 Rd3 47. Rc4 Rb3 48. Rf4 g6 49. Rf7 Rb1 50. Rf4 Rg1 51. Ra4 Rf1+ 52. Rf2 Re1 53. Re2 Rc1 54. Rf2 Rc3 55. Re2 Rc8 56. Rb4 Rce8 57. Ra4 Rf8+ 58. Kg3 Rfe8 59. Kf3 Rf8+ 60. Kg3 Rfe8 61. Kf3 1/2-1/2


[Site "https://www.chess.com"]

[Event "Titled Tuesday Blitz March 22 Early 2022"]
[White "Le, Tuan Minh"]
[Black "Narayanan.S.L"]
[WhiteFideId "12401153"]
[BlackFideId "5058422"]
[WhiteElo "2450"]
[BlackElo "2494"]
[Result "1-0"]
[Round "05"]
[TimeControl "180+1"]
[Date "2022.03.22"]
[WhiteClock "0:00:05"]
[BlackClock "0:00:01"]

1. d4 e6 2. Nf3 f5 3. g3 Nf6 4. Bg2 d5 5. O-O Be7 6. c4 O-O 7. b3 a5 8. Ba3 Nc6 9. Bxe7 Qxe7 10. e3 Ne4 11. Nbd2 a4 12. bxa4 Qb4 13. cxd5 exd5 14. Nb3 Be6 15. Qc2 Rxa4 16. Rfc1 Rfa8 17. Ne1 Qc4 18. Qb2 Qa6 19. Bxe4 dxe4 20. Nc5 Rxa2 21. Rxa2 Qxa2 22. Qxb7 Bd5 23. Qxc7 h6 24. Qd7 Rd8 25. Qc7 Qb2 26. Ne6 Bxe6 27. Qxc6 Bd5 28. Qc2 Qb5 29. Ng2 g5 30. h4 Bf7 31. Qc7 Rd7 32. Qc8+ Kg7 33. Rc5 Qb1+ 34. Kh2 Be6 35. Qe8 Qb6 36. Re5 Kf6 37. Qf8+ Kg6 38. Qe8+ Kf6 39. Qf8+ Kg6 40. h5+ Kh7 41. Qf6 Rd6 42. d5 Bf7 43. Qxf7+ 1-0


[Site "https://www.chess.com"]

[Event "Titled Tuesday Blitz March 22 Early 2022"]
[White "Lewtak, Damian"]
[Black "Sadovsky, Artem"]
[WhiteFideId "1141724"]
[BlackFideId "4155840"]
[WhiteElo "2362"]
[BlackElo "2314"]
[Result "0-1"]
[Round "05"]
[TimeControl "180+1"]
[Date "2022.03.22"]
[WhiteClock "0:02:04"]
[BlackClock "0:00:04"]

1. d4 g6 2. h4 Bg7 3. h5 c5 4. c3 cxd4 5. cxd4 d5 6. Nc3 Nc6 7. h6 Bxd4 8. e3 Bxc3+ 9. bxc3 Nf6 10. Nf3 O-O 11. Bd3 e5 12. Bc2 Bg4 13. Qd2 Ne4 14. Bxe4 dxe4 15. Nh2 Be6 16. Qxd8 Rfxd8 17. Nf1 Bc4 18. Nd2 Bd3 19. f3 exf3 20. gxf3 f5 21. e4 f4 22. Nb3 b6 23. Bb2 a5 24. Rh2 a4 25. Nd2 Na5 26. Bc1 Nc4 27. Nxc4 Bxc4 28. Rb1 b5 29. Ba3 Rd3 30. Rd1 Rad8 31. Rf2 Rxd1# 0-1


[Site "https://www.chess.com"]

[Event "Titled Tuesday Blitz March 22 Early 2022"]
[White "Ljukin, Sergei"]
[Black "Shtyka, Sergey"]
[WhiteFideId "14102200"]
[BlackFideId "4138465"]
[WhiteElo "2312"]
[BlackElo "2014"]
[Result "1-0"]
[Round "05"]
[TimeControl "180+1"]
[Date "2022.03.22"]
[WhiteClock "0:00:42"]
[BlackClock "0:00:13"]

1. e4 c5 2. Nf3 d6 3. d4 cxd4 4. Nxd4 Nf6 5. Nc3 g6 6. Be3 Bg7 7. f3 O-O 8. Qd2 Nc6 9. O-O-O d5 10. Kb1 Rb8 11. Ndb5 a6 12. Na7 Nxa7 13. Bxa7 Ra8 14. Be3 e6 15. e5 Nd7 16. f4 f6 17. exf6 Nxf6 18. Be2 Bd7 19. h4 Be8 20. Bd4 Rc8 21. g4 Qe7 22. h5 Ne4 23. Nxe4 dxe4 24. Bxg7 Qxg7 25. h6 Qf6 26. Rhf1 Ba4 27. b3 Bc6 28. g5 Qe7 29. Qd4 e5 30. fxe5 Qxg5 31. e6 Qxh6 32. Bc4 b5 33. e7+ bxc4 34. exf8=Q+ Rxf8 35. Qxc4+ Kh8 36. Rxf8+ Qxf8 37. Qxc6 e3 38. Qc3+ Kg8 39. Qxe3 a5 40. Qe6+ 1-0


[Site "https://www.chess.com"]

[Event "Titled Tuesday Blitz March 22 Early 2022"]
[White "Maly, Alexey"]
[Black "Sanal, Vahap"]
[WhiteFideId "14103184"]
[BlackFideId "6300545"]
[WhiteElo "2304"]
[BlackElo "2603"]
[Result "0-1"]
[Round "05"]
[TimeControl "180+1"]
[Date "2022.03.22"]
[WhiteClock "0:02:21"]
[BlackClock "0:02:50"]

1. d4 d5 2. c4 c6 3. e3 Nf6 4. Bd3 Bg4 5. Qc2 e6 6. Nd2 Nbd7 7. Ngf3 Bd6 8. O-O O-O 9. b3 e5 10. dxe5 Nxe5 11. Be2 Qc7 12. h3 Bh5 13. Bb2 Bg6 14. Qc3 Rfe8 15. Rad1 Rad8 16. Nxe5 Bxe5 17. Qc1 Bxb2 18. Qxb2 d4 19. Nf3 d3 0-1


[Site "https://www.chess.com"]

[Event "Titled Tuesday Blitz March 22 Early 2022"]
[White "Mangialardo, Tiago Carvalho"]
[Black "Zaksaite, Salomeja"]
[WhiteFideId "2130718"]
[BlackFideId "12801496"]
[WhiteElo "2080"]
[BlackElo "1953"]
[Result "1-0"]
[Round "05"]
[TimeControl "180+1"]
[Date "2022.03.22"]
[WhiteClock "0:00:01"]
[BlackClock "0:00:02"]

1. e4 c5 2. Nf3 e6 3. d4 cxd4 4. Nxd4 Nf6 5. Nc3 Nc6 6. Be3 Bb4 7. Bd3 d5 8. exd5 Nxd5 9. Nxc6 bxc6 10. Bd2 O-O 11. O-O Rb8 12. Qh5 g6 13. Qf3 Qa5 14. Bh6 Re8 15. Nxd5 cxd5 16. Qf6 Bf8 17. Bxf8 Rxf8 18. b3 Ba6 19. Rfd1 Rfc8 20. Bxa6 Qxa6 21. Rd3 Rxc2 22. Rf3 Qb7 23. h4 Rbc8 24. h5 Rc1+ 25. Rxc1 Rxc1+ 26. Kh2 Qc7+ 27. g3 Rc2 28. h6 Kf8 29. Re3 Ke8 30. Qh8+ Kd7 31. Qf6 Kd6 32. Qg7 1-0


[Site "https://www.chess.com"]

[Event "Titled Tuesday Blitz March 22 Early 2022"]
[White "Martinez Alcantara, Jose Eduardo"]
[Black "Andreikin, Dmitry"]
[WhiteFideId "3805662"]
[BlackFideId "4158814"]
[WhiteElo "2690"]
[BlackElo "2736"]
[Result "0-1"]
[Round "05"]
[TimeControl "180+1"]
[Date "2022.03.22"]
[WhiteClock "0:00:02"]
[BlackClock "0:00:16"]

1. e4 c5 2. Nf3 e6 3. c3 Nf6 4. Bd3 Nc6 5. O-O d5 6. e5 Nd7 7. Bb5 Qb6 8. Bxc6 Qxc6 9. d4 b6 10. Re1 h6 11. Na3 a5 12. Nc2 Ba6 13. h4 Qb5 14. Re3 Be7 15. Na3 Qc6 16. Nc2 a4 17. h5 O-O 18. Nh2 Kh8 19. Rg3 Qb5 20. Qg4 Rg8 21. Ne3 Qe2 22. Nf3 cxd4 23. cxd4 Rac8 24. Bd2 Qd3 25. a3 Qe4 26. Bb4 Qxg4 27. Rxg4 Bd8 28. Rf4 f5 29. Nd1 Nf8 30. Ne1 Be2 31. Nc3 Bxh5 32. Nxa4 Ng6 33. Rf3 Bxf3 34. Nxf3 Nf4 35. Kf1 Nd3 36. Bc3 b5 37. Nc5 Nxc5 38. dxc5 Rxc5 39. Nd4 Re8 40. Ke2 Bb6 41. Kd3 Kg8 42. b4 Rxc3+ 43. Kxc3 Rc8+ 44. Kd3 Bxd4 45. Kxd4 Rc4+ 46. Kd3 g5 47. a4 bxa4 48. Rxa4 Kf7 49. Ra7+ Kg6 50. Re7 f4 51. Rxe6+ Kf5 52. Rxh6 Rxb4 53. e6 Re4 54. e7 Rxe7 55. Rd6 Re5 56. Kd2 Ke4 57. Ra6 Kf5 58. Rd6 Kg4 59. Rf6 Rf5 60. Rd6 f3 61. g3 Re5 62. Rf6 Re2+ 63. Kd3 Rxf2 64. Ke3 Re2+ 65. Kd3 Kxg3 0-1


[Site "https://www.chess.com"]

[Event "Titled Tuesday Blitz March 22 Early 2022"]
[White "Mekhane, Adam"]
[Black "Janaszak, Dawid"]
[WhiteFideId "36050601"]
[BlackFideId "1119206"]
[WhiteElo "2002"]
[BlackElo "2199"]
[Result "0-1"]
[Round "05"]
[TimeControl "180+1"]
[Date "2022.03.22"]
[WhiteClock "0:00:39"]
[BlackClock "0:01:46"]

1. e4 c5 2. Nf3 Nc6 3. d4 cxd4 4. Nxd4 g6 5. c4 e5 6. Nb5 d6 7. Be3 a6 8. N5c3 Nf6 9. Be2 Bg7 10. O-O O-O 11. f3 Be6 12. Qd2 Rc8 13. Rd1 Nd4 14. b3 Nh5 15. Na3 b5 16. cxb5 Rxc3 17. Bc4 Bxc4 18. Nxc4 axb5 19. Kh1 Rc2 20. Qb4 bxc4 21. bxc4 Nf4 0-1


[Site "https://www.chess.com"]

[Event "Titled Tuesday Blitz March 22 Early 2022"]
[White "Melikhov, Evgeny V."]
[Black "Ferreira, Vitor Hugo Vieira"]
[WhiteFideId "4122046"]
[BlackFideId "2119765"]
[WhiteElo "1945"]
[BlackElo "2165"]
[Result "0-1"]
[Round "05"]
[TimeControl "180+1"]
[Date "2022.03.22"]
[WhiteClock "0:00:04"]
[BlackClock "0:01:11"]

1. d4 d5 2. c4 c6 3. Nc3 Nf6 4. e3 e6 5. Nf3 Nbd7 6. Bd3 Bd6 7. O-O O-O 8. e4 e5 9. cxd5 cxd5 10. dxe5 Nxe5 11. Nxe5 Bxe5 12. exd5 Bxc3 13. bxc3 Qxd5 14. Be2 Rd8 15. Qxd5 Nxd5 16. Bb2 Be6 17. Bf3 Rac8 18. Rfc1 b6 19. g3 h6 20. c4 Nb4 21. Be2 Rd2 22. Bc3 Rxe2 23. Bxb4 Rxc4 24. Rxc4 Bxc4 25. a4 a5 26. Bd6 Rb2 27. Be5 Rb4 28. Bd4 Bb3 29. Be3 Bxa4 30. Bxb6 Rxb6 31. Rxa4 Ra6 32. f4 Kf8 33. Kf2 Ke7 34. Ke3 Kd6 35. Kd4 Kc6 36. Kc4 Kb6 37. Ra3 Ra8 38. Re3 Rc8+ 39. Kb3 Rc7 40. Ka4 Rc4+ 41. Kb3 Rb4+ 42. Ka3 Kc6 43. Re7 Rb7 44. Re5 Ra7 45. Ka4 f6 46. Rf5 Kd6 47. h4 Ke6 48. Rb5 f5 49. h5 Rd7 50. Kxa5 Rd3 51. Rb7 Kf6 52. Rb6+ Kf7 53. Rg6 Rd1 54. Kb5 Rh1 55. g4 fxg4 56. Rxg4 Rxh5+ 57. Kc4 Kf6 58. Kd3 g6 59. Ke3 Kf5 60. Rg1 Rh4 61. Rf1 Rg4 62. Rf2 h5 63. Rf1 h4 64. Rf2 Rg3+ 65. Ke2 Kg4 66. f5 gxf5 67. Kf1 f4 68. Ra2 h3 69. Ra8 h2 70. Rh8 Rg1+ 71. Kf2 h1=Q 72. Rg8+ Kf5 73. Rxg1 Qh2+ 74. Rg2 Qh4+ 75. Kf3 Qh3+ 76. Kf2 Qe3+ 77. Kf1 f3 78. Rf2 Qc1# 0-1


[Site "https://www.chess.com"]

[Event "Titled Tuesday Blitz March 22 Early 2022"]
[White "Mena, Ailen Oriana"]
[Black "Mirzanurov, Bulat"]
[WhiteFideId "3902773"]
[BlackFideId "4184521"]
[WhiteElo "1534"]
[BlackElo "2116"]
[Result "0-1"]
[Round "05"]
[TimeControl "180+1"]
[Date "2022.03.22"]
[WhiteClock "0:00:02"]
[BlackClock "0:00:19"]

1. e4 c5 2. c3 Nf6 3. e5 Nd5 4. d4 cxd4 5. cxd4 d6 6. Nf3 Nc6 7. Bc4 Nb6 8. Bb5 dxe5 9. Nxe5 Bd7 10. Nxd7 Qxd7 11. Nc3 e6 12. O-O Be7 13. Qg4 O-O 14. Bxc6 bxc6 15. Bh6 Bf6 16. Rfd1 Kh8 17. Ne4 gxh6 18. Nxf6 Qe7 19. Qf4 Nd5 20. Nxd5 cxd5 21. Qxh6 Rg8 22. Rd3 Rg6 23. Qf4 Rag8 24. Rg3 Rxg3 25. hxg3 Rc8 26. Rc1 Rxc1+ 27. Qxc1 Qb4 28. Qc3 Qa4 29. f3 Qxa2 30. Qc8+ Kg7 31. Qc7 Qb1+ 32. Kh2 Qxb2 33. Qxa7 Qd2 34. Qc5 h5 0-1


[Site "https://www.chess.com"]

[Event "Titled Tuesday Blitz March 22 Early 2022"]
[White "Migot, Tangi"]
[Black "Dronavalli, Harika"]
[WhiteFideId "662445"]
[BlackFideId "5015197"]
[WhiteElo "2506"]
[BlackElo "2382"]
[Result "0-1"]
[Round "05"]
[TimeControl "180+1"]
[Date "2022.03.22"]
[WhiteClock "0:00:01"]
[BlackClock "0:00:37"]

1. Nf3 Nf6 2. e3 g6 3. h4 h5 4. b3 Bg7 5. Bb2 d6 6. d3 c5 7. Nbd2 Nc6 8. g3 e5 9. Bg2 O-O 10. Ng5 d5 11. O-O Re8 12. c4 Bg4 13. Qb1 Qd7 14. cxd5 Nxd5 15. Nde4 b6 16. a3 Rad8 17. Rc1 a5 18. Qc2 Nc7 19. f3 Bf5 20. Rd1 f6 21. Qc4+ Nd5 22. Nf2 fxg5 23. e4 Be6 24. exd5 Bxd5 25. Qc2 gxh4 26. gxh4 Qe7 27. Ne4 Qxh4 28. Qf2 Qf4 29. Bc1 Qf5 30. Be3 Nd4 31. Bxd4 exd4 32. Qg3 Be5 33. Qh4 Kg7 34. Rf1 Qf4 35. Qxf4 Bxf4 36. b4 Be3+ 37. Kh2 Bf4+ 38. Kg1 cxb4 39. axb4 axb4 40. Rfb1 Bxe4 41. fxe4 Bd6 42. Ra7+ Re7 43. Ra6 Bc5 44. e5 Rxe5 45. Be4 Kh6 46. Rf1 Rg5+ 47. Kh1 Rg4 48. Rf7 Re8 49. Ra1 Re5 50. Raa7 b3 0-1


[Site "https://www.chess.com"]

[Event "Titled Tuesday Blitz March 22 Early 2022"]
[White "Molina, Roberto Junio Brito"]
[Black "Suarez Uriel, Adrian"]
[WhiteFideId "2109450"]
[BlackFideId "22230874"]
[WhiteElo "2432"]
[BlackElo "2316"]
[Result "1-0"]
[Round "05"]
[TimeControl "180+1"]
[Date "2022.03.22"]
[WhiteClock "0:00:48"]
[BlackClock "0:00:24"]

1. d4 Nf6 2. e3 g6 3. Nf3 Bg7 4. Be2 b6 5. O-O Bb7 6. c4 O-O 7. b3 d5 8. Bb2 c5 9. dxc5 dxc4 10. Bxc4 bxc5 11. Nbd2 Nc6 12. Qe2 Nb4 13. a3 Nbd5 14. Rac1 Qb6 15. Rc2 Rfd8 16. Rfc1 Rac8 17. h3 Qa5 18. Ne5 Ne8 19. Qf3 Nef6 20. e4 e6 21. exd5 exd5 22. Bf1 Qb6 23. Ng4 d4 24. Nxf6+ Bxf6 25. Qg3 h5 26. Bc4 Kg7 27. Nf3 Be4 28. Re2 Bf5 29. Qf4 d3 30. Bxf6+ Qxf6 31. Rd2 Rd6 32. Qe5 Rcd8 33. Rcd1 a5 34. a4 g5 35. Qxf6+ Kxf6 36. Ne1 g4 37. hxg4 hxg4 38. Nxd3 Rd4 39. Kf1 Be4 40. Nxc5 Bxg2+ 41. Kxg2 Rxd2 42. Rxd2 1-0


[Site "https://www.chess.com"]

[Event "Titled Tuesday Blitz March 22 Early 2022"]
[White "Moroni, Luca Jr"]
[Black "Svidler, Peter"]
[WhiteFideId "865834"]
[BlackFideId "4102142"]
[WhiteElo "2573"]
[BlackElo "2725"]
[Result "1-0"]
[Round "05"]
[TimeControl "180+1"]
[Date "2022.03.22"]
[WhiteClock "0:00:03"]
[BlackClock "0:00:19"]

1. d4 Nf6 2. c4 g6 3. Nc3 d5 4. cxd5 Nxd5 5. e4 Nxc3 6. bxc3 Bg7 7. Be3 c5 8. Qd2 cxd4 9. cxd4 Nc6 10. Nf3 Bg4 11. Rd1 O-O 12. Be2 Qa5 13. Qxa5 Nxa5 14. Nd2 Bd7 15. O-O Rfc8 16. Rc1 Nc6 17. e5 Be6 18. a3 Bd5 19. Nc4 b5 20. Nd2 a6 21. Rc3 Na7 22. Rfc1 Rxc3 23. Rxc3 Rc8 24. Rxc8+ Nxc8 25. Bd3 Nb6 26. Ne4 e6 27. Nc5 Bf8 28. Nxa6 Bc4 29. Bxc4 Nxc4 30. Kf1 Bxa3 31. Ke2 b4 32. Kd3 b3 33. Nc7 Bb4 34. Nb5 Nb2+ 35. Ke2 Na4 36. Kd3 Kf8 37. Bd2 b2 38. Bxb4+ 1-0


[Site "https://www.chess.com"]

[Event "Titled Tuesday Blitz March 22 Early 2022"]
[White "Myshakov, Fyodor"]
[Black "Tsyhanchuk, Stanislav"]
[WhiteFideId "14111284"]
[BlackFideId "13505130"]
[WhiteElo "2310"]
[BlackElo "2078"]
[Result "1-0"]
[Round "05"]
[TimeControl "180+1"]
[Date "2022.03.22"]
[WhiteClock "0:00:47"]
[BlackClock "0:00:02"]

1. c4 c6 2. Nc3 d5 3. cxd5 cxd5 4. d4 Nc6 5. Nf3 Nf6 6. Bf4 a6 7. e3 Bf5 8. Bd3 Bg6 9. O-O e6 10. Ne5 Nxe5 11. Bxe5 Nd7 12. Bg3 Bb4 13. Na4 O-O 14. Rc1 b5 15. Nc5 Nxc5 16. dxc5 Re8 17. a3 Ba5 18. Bxg6 hxg6 19. b4 Bc7 20. Bxc7 Qxc7 21. Qd3 Qc6 22. Rfe1 a5 23. e4 dxe4 24. Qxe4 Rec8 25. Qf4 axb4 26. axb4 Ra3 27. Red1 Qc7 28. Rd6 Ra4 29. Rcd1 Qxc5 30. h3 Rxb4 31. Rd8+ Rxd8 32. Rxd8+ Kh7 33. Qxf7 Rb1+ 34. Kh2 Qe5+ 35. f4 Qe1 36. Qg8+ Kh6 37. Qh8# 1-0


[Site "https://www.chess.com"]